 Dungeon Crawl Stone Soup version 0.28-a0-1241-gf280a0fbb2 (webtiles) character file.

Game seed: 8396697156856880766

540 ChaosChampion the Skirmisher (level 7, -7/62 HPs)
             Began as a Hill Orc Fighter on Dec 26, 2021.
             Was an Initiate of Beogh.
             Succumbed to a scorpion's poison
             ... on level 5 of the Dungeon.
             The game lasted 00:03:54 (4549 turns).

ChaosChampion the Skirmisher (Hill Orc Fighter)     Turns: 4549, Time: 00:03:55

Health: -7/62      AC: 12    Str: 21    XL:     7   Next: 26%
Magic:  7/7        EV:  6    Int:  8    God:    Beogh [......]
Gold:   222        SH:  5    Dex: 10    Spells: 6/6 levels left

rFire   . . .      SeeInvis .   a - +0 war axe
rCold   . . .      Faith    .   c - +0 buckler
rNeg    . . .      Spirit   .   l - +0 plate armour
rPois   .          Reflect  .   (no helmet)
rElec   .          Harm     .   (no cloak)
rCorr   .          Rampage  .   (no gloves)
Will    +....                   (no boots)
Stlth   ..........              (no amulet)
HPRegen 0.20/turn               h - ring of willpower
MPRegen 0.10/turn               (no ring)

@: mighty, lethally poisoned (-7 -> -45)
A: no striking features
a: Renounce Religion


You were on level 5 of the Dungeon.
You worshipped Beogh.
Beogh was noncommittal.
You visited 1 branch of the dungeon, and saw 5 of its levels.

You collected 222 gold pieces.

Inventory:

Hand Weapons
 a - a +0 war axe (weapon)
Missiles
 e - 22 poisoned darts (quivered)
Armour
 c - a +0 buckler (worn)
 l - a +0 plate armour (worn)
Jewellery
 h - a ring of willpower (left hand)
Wands
 p - a wand of iceblast (11)
Scrolls
 f - 2 scrolls of identify
 i - 2 scrolls of fog
 j - a scroll of teleportation
 k - 3 scrolls of immolation
 m - a scroll of blinking {unknown}
 n - a scroll of acquirement {unknown}
 o - a scroll of amnesia {unknown}
Potions
 g - a potion of resistance


   Skills:
 + Level 5.8 Fighting
 + Level 5.5 Axes
 + Level 5.2 Armour
 + Level 5.2 Shields


You had 6 spell levels left.
You didn't know any spells.
Your spell library contained the following spells:

 Spells                   Type           Power      Damage    Failure   Level
 Magic Dart               Conj           0%         1d3       100%        1
 Call Imp                 Summ           0%         N/A       100%        2
 Mephitic Cloud           Conj/Pois/Air  0%         N/A       100%        3


Dungeon Overview and Level Annotations

Branches:
Dungeon (5/15)             Temple (0/1) D:4

Altars:


Message History

The water moccasin is moderately wounded.
The water moccasin bites you!
The orc hits something but does no damage.
The water moccasin bites you.
You are poisoned.
The water moccasin poisons you!
Okay, then.
You feel much better.
You feel very sick. The scorpion stings you!
You are more poisoned.
The scorpion poisons you! The water moccasin bites you.
You are too injured to fight recklessly!
You are too injured to fight recklessly!
You are too injured to fight recklessly!
You slash the scorpion!
The scorpion is moderately wounded.
You hit the water moccasin.
You feel very sick. The water moccasin bites you.
You are lethally poisoned!
The water moccasin poisons you!
The scorpion stings you but does no damage.
The water moccasin bites you.
* * * LOW HITPOINT WARNING * * *
The scorpion stings you.
* * * LOW HITPOINT WARNING * * *
You are more poisoned.
The scorpion poisons you!
You closely miss the scorpion.
The scorpion is moderately wounded.
You slash the water moccasin!
* * * LOW HITPOINT WARNING * * *
You feel extremely sick.
The water moccasin bites you but does no damage.
You block the scorpion's attack.
The water moccasin bites you but does no damage.
Okay, then.
You feel very mighty all of a sudden.
You die...

#..(...# #......#
#......#
#......#######
#............#
####†........#
#............#
#............###
+............@s##
#.....########SW#
#.....# ##o##
####.....#
#######o.###
#........#
#..........#
#........#
#......W...#
.........#
#......o...#
.........#
#..........#
.........#
#......o...# #


You could see a phantom, a water moccasin, a scorpion and 2 orcs.

Vanquished Creatures
  An ogre (D:5)
  A necrophage (D:5)
  A bullfrog (D:4)
  A scorpion (D:5)
  A howler monkey (D:4)
  2 orc wizards
  A hound zombie (D:5)
  7 adders
  2 worms
  3 dart slugs
  11 orcs
  6 ball pythons
  3 bats
  7 endoplasms
  2 giant cockroaches
  4 goblins
  3 hobgoblins
  3 jackals (D:1)
  2 quokkas (D:3)
  4 frilled lizards
  7 kobolds
  3 rats
75 creatures vanquished.

Vanquished Creatures (others)
  An orc priest (D:5)
  2 orc wizards (D:5)
  An orc (D:5)
4 creatures vanquished.

Grand Total: 79 creatures vanquished

Notes
Turn   | Place    | Note
-------+----------+-------------------------------------------
     0 | D:1      | ChaosChampion the Hill Orc Fighter began the quest for the
                  | Orb.
     0 | D:1      | Reached XP level 1. HP: 19/19 MP: 1/1
   238 | D:1      | Reached XP level 2. HP: 27/27 MP: 2/2
   489 | D:1      | Reached XP level 3. HP: 26/33 MP: 3/3
  1039 | D:2      | Found a faded altar of an unknown god.
  2010 | D:3      | Reached XP level 4. HP: 31/40 MP: 4/4
  2635 | D:3      | Reached XP level 5. HP: 46/47 MP: 5/5
  3231 | D:4      | Reached skill level 5 in Fighting
  3231 | D:4      | Reached XP level 6. HP: 47/56 MP: 6/6
  3417 | D:4      | Found a staircase to the Ecumenical Temple.
  3909 | D:5      | Entered Level 5 of the Dungeon
  3920 | D:5      | Reached skill level 5 in Axes
  4176 | D:5      | Became a worshipper of Beogh the Brigand
  4178 | D:5      | Noticed a necrophage
  4187 | D:5      | Killed a necrophage
  4188 | D:5      | Reached skill level 5 in Armour
  4188 | D:5      | Reached skill level 5 in Shields
  4188 | D:5      | Reached XP level 7. HP: 60/61 MP: 7/7
  4548 | D:5      | HP: 1/62 [poisoned by a scorpion]
  4549 | D:5      | Succumbed to a scorpion's poison

Illustrated notes

Levels and vault maps discovered:
D:1:      roderic_crop_circles_arrival_small, layout_basic
D:2:      layout_basic, dreamdust_ecumenical_altar_statues,
          nicolae_underground_beach
D:3:      layout_rooms, serial_rivers, chequers_serial_rivers_micro_d,
          chequers_serial_rivers_large_a, chequers_serial_rivers_micro_d,
          chequers_serial_rivers_micro_e, chequers_serial_rivers_small_b
D:4:      layout_loops_ring, minmay_temple_entry_grid, serial_glass,
          glass_columns_b, glass_columns_a, glass_columns_a, glass_columns_a,
          glass_columns_a, feat_on_display, minmay_strange_pillars,
          item_on_display_a
D:5:      layout_basic, serial_shops, shop, minmay_circle_x

Skill      XL: |  1  2  3  4  5  6 |
---------------+-------------------+-----
Axes           | 3 4 5 |  5.5
Fighting       | 4 5 |  5.8
Armour         | 4 5 |  5.2
Shields        | 4 5 |  5.2

Action                   |  1- 3 |  4- 6 |  7- 9 || total
-------------------------+-------+-------+-------++-------
Melee: War axe           |   111 |   143 |    29 ||   283
Throw: Dart              |     1 |       |       ||     1
Invok: Convert to Beogh  |       |     1 |       ||     1
  Use: Scroll            |       |     5 |     1 ||     6
       Potion            |       |       |     2 ||     2
Armor: Scale mail        |    47 |     4 |       ||    51
       Plate armour      |       |    75 |    22 ||    97
Dodge: Dodged            |    44 |    45 |    11 ||   100
Block: Buckler           |    34 |    25 |     9 ||    68

Table legend: (Time is in decaauts)
 A = Elapsed time spent in this place.
 B = Non-inter-level travel time spent in this place.
 C = Inter-level travel time spent in this place.
 D = Time resting spent in this place.
 E = Time spent auto-exploring this place.
 F = Levels seen in this place.
 G = Mean time per level.
                   A        B        C        D        E       F      G
               +--------+--------+--------+--------+--------+-----+--------+
         Total |   4647 |   4545 |    102 |    751 |   3073 |   5 |  929.4 |
       Dungeon |   4647 |   4545 |    102 |    751 |   3073 |   5 |  929.4 |
               +--------+--------+--------+--------+--------+-----+--------+

Top non-repeatable levels by time:
     D:1: 1110 daAuts
     D:4: 1040 daAuts
     D:2: 923 daAuts
     D:3: 923 daAuts
     D:5: 649 daAuts
